 Dungeon Crawl Stone Soup version 0.23.2-1-ga50397a6bc (webtiles) character file.

Game seed: 17390678516826345648

183 Freyura the Cudgeler (level 5, 0/33 HPs)
             Began as a Gargoyle Fighter on May 21, 2019.
             Slain by an orc warrior
             ... wielding a +0 scimitar
              (8 damage)
             ... on level 4 of the Dungeon.
             The game lasted 00:07:40 (2653 turns).

Freyura the Cudgeler (Gargoyle Fighter)             Turns: 2653, Time: 00:07:41

Health: 0/33       AC: 13    Str: 19    XL:     5   Next: 62%
Magic:  5/5        EV:  7    Int: 15    God:
Gold:   202        SH:  9    Dex: 10    Spells: 4/4 levels left

rFire    . . .     SeeInvis .   a - +0 flail
rCold    x . .     Gourm    +   c - +0 shield
rNeg     + + +     Faith    .   b - +0 scale mail
rPois    ∞         Spirit   .   (no helmet)
rElec    +         Reflect  .   r - +1 cloak of Fythig {rC- rN+++ Int+4 Stlth-}
rCorr    .         Harm     .   (no gloves)
MR       .....     Clarity  +   (no boots)
Stlth    ..........             o - amulet of the gourmand
HPRegen  0.11/turn              (no ring)
MPRegen  0.09/turn              (no ring)

@: no status effects
A: clarity, clever 1, negative energy resistance 1, electricity resistance,
unbreathing, petrification resistance, rot immunity, MP-powered wands, AC +4
a: no special abilities


You were on level 4 of the Dungeon.
You were full.

You visited 1 branch of the dungeon, and saw 4 of its levels.

You collected 202 gold pieces.

Inventory:

Hand Weapons
 a - a +0 flail (weapon)
Armour
 b - a +0 scale mail (worn)
 c - a +0 shield (worn)
 k - a +2 buckler
 r - the +1 cloak of Fythig (worn) {rC- rN+++ Int+4 Stlth-}
   (You found it on level 4 of the Dungeon)

   It affects your intelligence (+4).
   It makes you vulnerable to cold.
   It renders you almost immune to negative energy.
   It makes you less stealthy.
Jewellery
 o - an amulet of the gourmand (around neck)
Scrolls
 e - a scroll of teleportation {unknown}
 h - 2 scrolls of magic mapping {unknown}
 n - a scroll of fear {unknown}
 p - 2 scrolls of identify
 s - a scroll of noise {unknown}
Potions
 d - a potion of might
 g - a potion of curing
 i - 2 potions of agility
 j - a potion of ambrosia
 m - a potion of invisibility {unknown}
 q - a potion of flight {unknown}
Comestibles
 f - 6 rations


   Skills:
 + Level 3.8 Fighting
 * Level 4.2 Maces & Flails
 + Level 4.1 Armour
 + Level 0.5 Dodging
 + Level 4.0 Shields


You had 4 spell levels left.
You didn't know any spells.
Your spell library was empty.

Dungeon Overview and Level Annotations

Branches:
Dungeon (4/15)
 Temple: D:4-7

Altars:


Innate Abilities, Weirdness & Mutations

You are resistant to torment.
Your stone body is resilient. (AC +4)
You are immune to poison.
You resist negative energy. (rN+)
You are resistant to electric shocks. (rElec)
You can survive without breathing.
You are immune to petrification.
You are immune to rotting.
You possess an exceptional clarity of mind.
Your mind is acute. (Int +2)
You expend magic power (3 MP) to strengthen your wands.


Message History

You are too injured to fight recklessly!
It was a potion of heal wounds.
You feel much better.
The quokka bites you but does no damage.
The orc hits you but does no damage.
Your shield and scale mail prevent you from hitting the orc warrior.
The quokka bites you but does no damage.
The orc warrior hits you with a +0 scimitar!
The quokka barely misses you. The orc hits you but does no damage.
You hit the orc warrior but do no damage.
The orc warrior hits you with a +0 scimitar!
* * * LOW HITPOINT WARNING * * *
The quokka bites you.
* * * LOW HITPOINT WARNING * * *
You block the orc's attack.
You closely miss the orc warrior. The quokka closely misses you.
The orc warrior barely misses you. You block the orc's attack.
The quokka bites you but does no damage.
You barely miss the orc warrior.
The orc warrior hits you with a +0 scimitar!
You die...

....#
#.......######'#####
....#
#.......'......#
....#
#.......########
....# #.......#
....# ######'##
....# #.# ....#
##.######### #####
#........... #####
#...@†...... #...#
#..oor......
#######.#.#
#...........
..........#
#...........
#....##.###
#...........
#....##.#
#...........
#....##.#
#...........
#....##.#
#...).......
#....##.#


You could see an orc warrior, an orc and a quokka.

Vanquished Creatures
  A hound (D:4)
  An orc wizard (D:4)
  A worker ant (D:4)
  2 adders
  2 oozes
  An adder skeleton (D:4)
  A worm (D:4)
  A dart slug (D:1)
  4 leopard geckos (D:3)
  2 ball pythons
  9 bats
  5 giant cockroaches
  7 goblins
  4 hobgoblins
  6 jackals
  A frilled lizard (D:1)
  A jackal skeleton (D:4)
  5 kobolds
  A quokka skeleton (D:4)
  8 rats
63 creatures vanquished.

Notes
Turn   | Place    | Note
-------+----------+-------------------------------------------
     0 | D:1      | Freyura the Gargoyle Fighter began the quest for the Orb.
     0 | D:1      | Reached XP level 1. HP: 14/14 MP: 1/1
    86 | D:1      | Reached XP level 2. HP: 19/19 MP: 2/2
   468 | D:1      | Reached XP level 3. HP: 23/23 MP: 3/3
   908 | D:2      | Gained mutation: Your mind is acute. (Int +2) [potion of
                  | mutation]
   908 | D:2      | Gained mutation: You expend magic power (3 MP) to
                  | strengthen your wands. [potion of mutation]
   908 | D:2      | Gained mutation: You possess an exceptional clarity of
                  | mind. [potion of mutation]
  1391 | D:3      | Reached XP level 4. HP: 27/28 MP: 4/4
  2277 | D:4      | Reached XP level 5. HP: 30/33 MP: 5/5
  2382 | D:4      | Got an encrusted cloak
  2388 | D:4      | Identified the +1 cloak of Fythig {rC- rN+++ Int+4 Stlth-}
                  | (You found it on level 4 of the Dungeon)
  2639 | D:4      | Noticed an orc warrior
  2653 | D:4      | Slain by an orc warrior

Skill      XL: |  1  2  3  4  5 |
---------------+----------------+-----
Maces & Flails | 3 4 |  4.2
Armour         | 4 |  4.1
Shields        | 4 |  4.0
Fighting       | |  3.8
Dodging        | |  0.5

Action                   |  1- 3 |  4- 6 || total
-------------------------+-------+-------++-------
Melee: Flail             |   109 |   120 ||   229
  Use: Scroll            |     4 |     1 ||     5
       Potion            |     1 |     1 ||     2
  Eat: Chunk             |     2 |     8 ||    10
Armor: Scale mail        |    49 |    87 ||   136
Dodge: Dodged            |    46 |    42 ||    88
Block: Shield            |    56 |    80 ||   136
